 Dungeon Crawl Stone Soup version 0.16-a0-2921-g3a24241 (webtiles) character file.

23 Pikaro the Conjurer (level 2, -5/15 HPs)
             Began as a Deep Elf Conjurer on Dec 2, 2014.
             Killed from afar by Ijyb (7 damage)
             ... with a wand of magic darts
             ... on level 2 of the Dungeon.
             The game lasted 00:03:11 (1154 turns).

Pikaro the Conjurer (Deep Elf Conjurer)             Turns: 1154, Time: 00:03:11

Health: -5/15      AC:  4    Str:  5    XL:     2   Next: 72%
Magic:  4/8        EV: 18    Int: 19    God:
Gold:   74         SH:  0    Dex: 20    Spells: 1 memorised, 6 levels left

rFire  . . .     SeeInvis .     (no weapon)
rCold  . . .     Clarity  .     a - +1 robe
rNeg   . . .     SustAb   .     (no shield)
rPois  .         Gourm    .     (no helmet)
rElec  .         Spirit   .     d - +0 cloak (curse)
rCorr  .         Warding  .     (no gloves)
rMut   .         Stasis   .     (no boots)
MR     .....                    (no amulet)
Stlth  +++.......               (no ring)
                                (no ring)

@: agile, not resistant to hostile enchantments, fairly stealthy
A: no striking features
a: no special abilities


You were on level 2 of the Dungeon.
You were not hungry.

You visited 1 branch of the dungeon, and saw 2 of its levels.

You collected 74 gold pieces.

Inventory:

Armour
 a - a +1 robe (worn)
 d - a cursed +0 cloak (worn)
   (You found it on level 1 of the Dungeon)
Magical devices
 i - a wand of polymorph (13)
   (You found it on level 2 of the Dungeon)
Scrolls
 l - a scroll of enchant armour
Potions
 e - a potion of degeneration {unknown}
 f - 2 potions of agility
 g - a potion of beneficial mutation {unknown}
 h - a potion of curing {unknown}
 j - a potion of poison {unknown}
Books
 c - a book of Conjurations
Comestibles
 b - 2 bread rations {@e1}
 m - a beef jerky


   Skills:
 - Level 2.4 Dodging
 - Level 2.4 Stealth
 - Level 3.0 Spellcasting
 + Level 5.3 Conjurations


You had 6 spell levels left.
You knew the following spells:

 Your Spells              Type           Power        Failure   Level  Hunger
a - Magic Dart            Conj           ###.         1%          1    None


Dungeon Overview and Level Annotations

Branches:
Dungeon (2/15)

Altars:

Annotations:
D:2 Ijyb


Message History

You kill the quokka!
You now have 4/8 mp.
Read which item? (? for menu, Esc to quit)
As you read the scroll labeled JIATSO SKAFF, it crumbles to dust.
You assume a fearsome visage.
Nothing appears to happen.
It was a scroll of fear.
You start resting.
MP restored: 8 You see here 15 stones.
You now have 41 gold pieces (gained 17).
i - a wand of polymorph You now have 52 gold pieces (gained 11).
A giant newt comes into view.
The magic dart hits the giant newt.
You now have 7/8 mp.
The magic dart hits the giant newt.
You kill the giant newt!
You now have 6/8 mp.
j - a smoky pink potion MP restored: 8 You now have 68 gold pieces (gained 16).
A giant gecko, an adder and a hobgoblin come into view.
The giant gecko moves out of view.
Spoiler Alert: The adder (sleeping) is fast and can poison!
The magic dart hits the hobgoblin.
The hobgoblin shouts!
You now have 7/8 mp.
Spoiler Alert: The adder (sleeping) is fast and can poison!
The magic dart hits the hobgoblin.
You now have 6/8 mp.
Warning x2: The adder (sleeping) is fast and can poison!
The giant gecko is fast!
The magic dart hits the hobgoblin.
You now have 5/8 mp.
Warning x2: The adder (sleeping) is fast and can poison!
The giant gecko is fast!
The magic dart hits the hobgoblin.
You kill the hobgoblin!
You now have 4/8 mp.
Warning x2: The giant gecko is fast!
The adder (sleeping) is fast and can poison!
The magic dart hits the giant gecko.
You kill the giant gecko!
You now have 3/8 mp.
Spoiler Alert: The adder (sleeping) is fast and can poison!
Things that are here:
a club; a giant gecko corpse You butcher the giant gecko corpse.
k - a chunk of flesh {@w0} You see here a club.
You start resting.
MP restored: 8
l - a scroll of enchant armour You now have 74 gold pieces (gained 6).
A rat comes into view.
The magic dart hits the rat.
You kill the rat!
You now have 7/8 mp.
You see here a rat corpse.
m - a beef jerky Eating a chunk of flesh {@w0}.
You continue eating. x2
Ijyb the Twisted Goblin comes into view.
He is wielding a dagger.
MP restored: 8 Spoiler Alert: Ijyb (sleeping) will often zap you with wands!
You don't know that spell.
Spoiler Alert: Ijyb (sleeping) will often zap you with wands!
You don't know that spell.
Spoiler Alert: Ijyb (sleeping) will often zap you with wands!
The magic dart hits Ijyb.
Ijyb shouts!
Ijyb moves out of view.
You now have 7/8 mp.
Spoiler Alert: Ijyb will often zap you with wands!
The magic dart hits Ijyb.
You now have 6/8 mp.
The magic dart hits Ijyb.
You now have 5/8 mp.
The magic dart hits Ijyb.
Ijyb zaps a wand.
The magic dart hits you!
Ouch! That really hurt!
It is a wand of magic darts.
You take 9 damage, and have 6/15 hp.
MASSIVE DAMAGE!!
You now have 4/8 mp.
Spoiler Alert: Ijyb will often zap you with wands!
The magic dart hits Ijyb.
Ijyb zaps a wand.
The magic dart hits you!
* * * LOW HITPOINT WARNING * * *
You take 4 damage, and have 2/15 hp.
MASSIVE DAMAGE!!
You now have 3/8 mp.
Spoiler Alert: Ijyb will often zap you with wands!
Drink which item? (? for menu, Esc to quit)
It was a potion of agility.
You feel agile all of a sudden.
Read which item? (? for menu, Esc to quit)
Okay, then.
Ijyb zaps a wand.
The magic dart hits you!
You die...

#.... #).. #..# .#
##.<####.#####.##
#.....g...........
#...# #..$....
#..g######..##.#
#..............####
#..#######@........
#..............####
#...........####
#### #.########..#
#... #†# #..# #.##
#.# #..# #.# #.#
#... #.# #.# ##.#
#.# #.# #.# #.#


You could see Ijyb.

Vanquished Creatures
  An adder (D:2)
  A giant gecko (D:2)
  3 bats (D:1)
  A goblin (D:1)
  A hobgoblin (D:2)
  A quokka (D:2)
  A giant newt (D:2)
  4 rats
13 creatures vanquished.

Notes
Turn   | Place    | Note
--------------------------------------------------------------
     0 | D:1      | Pikaro, the Deep Elf Conjurer, began the quest for the Orb.
     0 | D:1      | Reached XP level 1. HP: 10/10 MP: 5/5
   800 | D:2      | Reached skill level 5 in Conjurations
   800 | D:2      | Reached XP level 2. HP: 15/15 MP: 3/8
  1139 | D:2      | Noticed Ijyb
  1145 | D:2      | HP: 2/15 [Ijyb/wand of magic darts (4)]
  1154 | D:2      | Killed from afar by Ijyb

Action                   || total
-------------------------++-------
 Cast: Magic Dart        ||    34
  Use: Scroll            ||     3
       Potion            ||     1
  Eat: Chunk             ||     1

Vault maps used:
D:1:      ncdulo_halloftheorcs
D:2:      first_bread, uniq_iyjb

Table legend:
 A = Turns spent in this place as a percentage of turns spent in the entire game.
 B = Non-inter-level travel turns spent in this place as a percentage of non-inter-level travel turns spent in the entire game.
 C = Inter-level travel turns spent in this place as a percentage of turns spent in this place.
 D = Turns resting spent in this place as a percentage of non-inter-level travel turns spent in this place.
 E = Turns spent auto-exploring this place as a percentage of non-inter-level travel turns spent in this place.
 F = Non-inter-level travel turns spent in this place divided by the number of levels of this place that you've seen.
                   A       B       C       D       E      F
               +-------+-------+-------+-------+-------+----------------------
         Total | 100.0 | 100.0 |   0.9 |   9.0 |  21.6 |  55.5
       Dungeon | 100.0 | 100.0 |   0.9 |   9.0 |  21.6 |  55.5
               +-------+-------+-------+-------+-------+----------------------

Table legend:
 A = Kills in this place as a percentage of kills in entire the game.
 B = Kills by you in this place as a percentage of kills by you in the entire game.
 C = Kills by friends in this place as a percentage of kills by friends in the entire game.
 D = Other kills in this place as a percentage of other kills in the entire game.
 E = Experience gained in this place as a percentage of experience gained in the entire game.
 F = Experience gained in this place divided by the number of levels of this place that you have seen.
                   A       B       C       D       E      F
               +-------+-------+-------+-------+-------+----------------------
         Total | 100.0 | 100.0 |  -nan |  -nan | 100.0 |  16.5
       Dungeon | 100.0 | 100.0 |  -nan |  -nan | 100.0 |  16.5
               +-------+-------+-------+-------+-------+----------------------
